 Dungeon Crawl Stone Soup version 0.30.1 (webtiles) character file.

Game seed: 14753944549504118251

73 monsoonserge the Ducker (level 4, -2/37 HPs)
             Began as a Merfolk Monk on July 12, 2023.
             Killed by divine providence
             ... invoked by an orc priest
              (12 damage)
             ... on level 4 of the Dungeon.
             The game lasted 00:04:10 (1998 turns).

monsoonserge the Ducker (Merfolk Monk)              Turns: 1998, Time: 00:04:11

Health: -2/37      AC:  5    Str: 11    XL:     4   Next: 27%
Magic:  4/4        EV: 10    Int:  9    God:
Gold:   53         SH:  8    Dex: 18    Spells: 3/3 levels left

rFire   + . .        r - +2 dagger (holy)
rCold   x . .        f - +0 kite shield
rNeg    . . .        h - +0 ring mail
rPois   .            (helmet restricted)
rElec   .            (no cloak)
rCorr   .            (no gloves)
SInv    .            (no boots)
Will    .....        (no amulet)
Stlth   +            q - ring of protection from fire
HPRegen 0.26/turn    (no ring)
MPRegen 0.09/turn

%: no passive effects
@: no status effects
A: (nimble swimmer 2), mertail, horns 1, cold vulnerability 1
a: no special abilities


You were on level 4 of the Dungeon.
You visited 1 branch of the dungeon, and saw 4 of its levels.

You collected 53 gold pieces.

Inventory:

Hand Weapons
 a - a +0 falchion
 m - a +0 sling
 r - a +2 dagger of holy wrath (weapon)
Missiles
 k - 7 poisoned darts (quivered)
Armour
 f - a +0 kite shield (worn)
 h - a +0 ring mail (worn)
 u - a +0 chain mail
Jewellery
 q - a ring of protection from fire (left hand)
Scrolls
 b - 4 scrolls of teleportation {unknown}
 d - 3 scrolls of magic mapping {unknown}
 e - a scroll of acquirement {unknown}
 j - 4 scrolls of identify {unknown}
 l - a scroll of silence {unknown}
 n - a scroll of fog {unknown}
 o - 2 scrolls of vulnerability {unknown}
 p - a scroll of enchant weapon {unknown}
 s - a scroll of enchant armour {unknown}
Potions
 g - 3 potions of brilliance {unknown}
 i - a potion of curing
 t - a potion of mutation


   Skills:
 + Level 3.7 Fighting
 + Level 0.4(2.8) Short Blades
 + Level 4.5 Long Blades
 + Level 0.8 Armour
 + Level 4.7 Dodging
 + Level 0.2 Stealth
 + Level 0.8 Shields


You had 3 spell levels left.
You didn't know any spells.
Your spell library contained the following spells:

 Spells                   Type           Power      Damage    Failure   Level
 Cigotuvi's Dreadful Rot  Necr/Pois/Air  0%         N/A       100%        2
 Volatile Blastmotes      Fire/Tloc      0%         2d10      100%        3
 Dispel Undead            Necr           0%         3d6       100%        4
 Fulminant Prism          Conj/Hex       0%         3d5       100%        4
 Iskenderun's Mystic Bla  Conj/Tloc      0%         2d3       100%        4
 Lee's Rapid Deconstruct  Erth           0%         3d4*      100%        5
 Death Channel            Necr           0%         N/A       100%        6


Dungeon Overview and Level Annotations

Branches:
Dungeon (4/15)
 Temple: D:4-7

Altars:

Shops:
D:4 [


Innate Abilities, Weirdness & Mutations

((You are very nimble when in or above water. (Stealth+, EV+, Speed+++)))
Your lower body shifts to a powerful aquatic tail in water.
You have a pair of small horns on your head.
You are vulnerable to cold. (rC-)


Message History

You closely miss the orc priest.
The orc priest hits you but does no damage.
You bump into the rock wall.
You bump into the rock wall.
You feel less invigorated.
You feel less confused.
You hit the orc.
The orc is lightly wounded.
You block the orc's attack.
You hit the orc but do no damage.
The orc is lightly wounded.
You block the orc's attack.
The orc priest looks encouraged for a moment.
You barely miss the orc.
The orc is lightly wounded.
The orc hits you with a +0 short sword.
The orc priest invokes the aid of Beogh against you.
Beogh smites you!
You hit the orc but do no damage.
The orc is lightly wounded.
You block the orc's attack.
You closely miss the orc.
The orc is lightly wounded.
The orc barely misses you.
The orc priest casts a cantrip, but nothing happens.
You block the orc's attack.
You barely miss the orc.
The orc is lightly wounded.
The orc hits you but does no damage.
The orc priest mumbles some strange prayers to Beogh against you.
Beogh smites you!
* * * LOW HITPOINT WARNING * * *
It was a potion of curing.
You feel better. You block the orc's attack.
The orc priest miscasts a cantrip.
It was a potion of mutation.
You feel extremely strange.
You feel vulnerable to cold. A pair of horns grows on your head!
The orc hits you but does no damage.
The orc priest calls down the wrath of Beogh upon you.
Beogh smites you!
You die...

#..............#
#.############.# #.#
#.# #.# #.# #.# #.# #.#
#.# #.# #.# #.# #.# #@#
##########.# #o#
#......)...#
########o###.##########
#...oo.ooo##.#.......<#
#.....!...##.##.####..#
#.......$.##.....#.#..#
########?#########.#..#
... #...#..# #.##
#.#....#


You could see 3 orc priests and 2 orcs.

Vanquished Creatures
  2 adders (D:3)
  A dart slug (D:3)
  2 endoplasms (D:1)
  3 giant cockroaches
  3 hobgoblins
  4 jackals (D:1)
  9 kobolds
  3 quokkas
  6 bats
  2 frilled lizards (D:1)
  8 goblins
  6 rats
49 creatures vanquished.

Notes
Turn   | Place    | Note
-------+----------+-------------------------------------------
     0 | D:1      | monsoonserge the Merfolk Monk began the quest for the Orb.
     0 | D:1      | Reached XP level 1. HP: 18/18 MP: 1/1
   127 | D:1      | Reached XP level 2. HP: 23/24 MP: 2/2
   166 | D:1      | Found a faded altar of an unknown god.
   286 | D:1      | Reached XP level 3. HP: 15/29 MP: 3/3
  1235 | D:3      | Reached XP level 4. HP: 29/37 MP: 4/4
  1981 | D:4      | Found Douxtus's Antique Armour Shoppe.
  1998 | D:4      | Gained mutation: You are vulnerable to cold. (rC-) [potion
                  | of mutation]
  1998 | D:4      | Gained mutation: You have a pair of small horns on your
                  | head. [potion of mutation]
  1998 | D:4      | Killed from afar by an orc priest

Illustrated notes

Levels and vault maps discovered:
D:1:      dpeg_arrival_court, layout_rooms, basic_ecumenical_altar
D:2:      layout_loops_cross, chequers_avenue
D:3:      layout_loops_ring
D:4:      minmay_chambers_of_twos, layout_basic, mainiacjoe_overflow_alcove_1,
          serial_shops, shop, uniq_eustachio, uniq_crazy_yiuf_cottage,
          uniq_robin

Skill      XL: |  1  2 |
---------------+-------+-----
Long Blades    | 4 |  4.5
Fighting       | |  3.7
Short Blades   | |  0.4
Armour         | |  0.8
Dodging        | |  4.7
Stealth        | |  0.2
Shields        | |  0.8

Action                     |  1- 3 |  4- 6 || total
---------------------------+-------+-------++-------
  Melee: Falchion          |    89 |       ||    89
         Dagger            |    20 |    54 ||    74
    Use: Potion            |       |     3 ||     3
 Armour: Robe              |     2 |       ||     2
         Ring mail         |    54 |    17 ||    71
  Dodge: Dodged            |    62 |    24 ||    86
  Block: Kite shield       |    71 |    24 ||    95
